 Dungeon Crawl Stone Soup version 0.31.0-11-ge490571c62 (webtiles) character file.

Game seed: 11545943688058842295

7 RancidPinata the Sneak (level 2, 21/21 HPs)
             Began as an Octopode Delver on Feb 9, 2024.
             Was an Initiate of Ru.
             Quit the game on level 6 of the Dungeon.
             The game lasted 00:02:01 (307 turns).

RancidPinata the Sneak (Octopode Delver)             Turns: 307, Time: 00:02:02

Health: 21/21      AC:  1    Str: 11    XL:     2   Next: 0%
Magic:  2/2        EV: 13    Int: 12    God:    Ru [......]
Gold:   21         SH:  0    Dex: 13    Spells: 1/1 levels left

rFire   . . .        a - +0 short sword
rCold   . . .        (no shield)
rNeg    . . .        (helmet restricted)
rPois   .            (no amulet)
rElec   .            (no ring)
rCorr   .            (no ring)
SInv    .            (no ring)
Will    .....        (no ring)
Stlth   ++++         (no ring)
HPRegen 0.23/turn    (no ring)
MPRegen 0.08/turn    (no ring)
                     (no ring)

%: no passive effects
@: no status effects
A: almost no armour, amphibious, 8 rings, camouflage 1, gelatinous body 1,
(nimble swimmer 1), tentacles
a: Renounce Religion


You were on level 6 of the Dungeon.
You worshipped Ru.
Ru was noncommittal.
You visited 2 branches of the dungeon, and saw 4 of its levels.

You collected 21 gold pieces.

Inventory:

Hand Weapons
 a - a +0 short sword (weapon)
Wands
 f - a wand of digging (3)
 g - a wand of paralysis (10)
Scrolls
 b - a scroll of fog
 c - a scroll of revelation
 d - a scroll of fear
 h - a scroll of teleportation {unknown}
 j - a scroll of enchant weapon {unknown}
Potions
 e - a potion of haste
 i - a potion of enlightenment {unknown}


   Skills:
 * Level 3.1 Fighting
 + Level 2.1 Short Blades
 * Level 2.1 Dodging
 * Level 6.7 Stealth


You had one spell level left.
You didn't know any spells.
Your spell library contained the following spells:

 Spells                   Type           Power      Damage    Failure   Level
 Dazzling Flash           Conj/Hex       0%         N/A       69%         3
 Mephitic Cloud           Conj/Alch/Air  0%         N/A       69%         3
 Curse of Agony           Necr           0%         N/A       100%        5
 Silence                  Hex/Air        0%         N/A       100%        5


Dungeon Overview and Level Annotations

Branches:
Dungeon (7/15)             Temple (1/1) D:6

Altars:
Ashenzari
Dithmenos
Elyvilon
Fedhas
Gozag
Hepliaklqana
Kikubaaqudgha
Makhleb
Qazlal
Ru
Sif Muna
Trog
Uskayaw
Wu Jian
Xom
The Shining One


Innate Abilities, Weirdness & Mutations

You cannot wear most types of armour.
You are amphibious.
You can wear up to eight rings at the same time.
Your skin changes colour to match your surroundings (Stealth+).
Your rubbery body absorbs attacks. (AC +1, EV +1)
((You are camouflaged when in or above water. (Stealth+)))
You have tentacles for arms and can constrict up to eight enemies at once.


Message History

Found a pair of gloves.
There is a stone staircase leading down here.
Found 12 gold pieces.
Found a scroll labelled TOONOE YTUEDD.
j - a scroll labelled TOONOE YTUEDD An adder comes into view.
You see here 12 gold pieces.
You now have 21 gold pieces (gained 12).
There is a stone staircase leading down here.
You climb downwards.
You hear the roar of battle.
There is an entrance to a bailey on this level.
Hurry and find it before the portal closes forever!
You hear the faint creaking of a portcullis nearby.
There is a stone staircase leading up here.
You open the door.
A hound and an orc come into view.
You close the door.
There is a stone staircase leading up here.
Found a stone staircase leading down.
A water moccasin comes into view.
Found a leather armour.
A bullfrog and a shadow imp come into view.
A white imp comes into view.
The white imp shouts!
The white imp shouts, "Submit, thou gorbellied toenail-biting nert!"
The white imp gestures at you. The puff of frost hits you.
You hit the white imp. You grab the white imp. You squeeze the white imp.
You kill the white imp!
You have reached level 2!
You start resting.
A hound comes into view.
A sky beast comes into view.
A hound is nearby!
You hear the faint creaking of a portcullis nearby.
There is an open door here.
There is a stone staircase leading up here.
You climb upwards.
There is a stone staircase leading down here.
Are you sure you want to abandon this character and quit the game? (Confirm with "yes".)

#.#.#....######
#..######.###.
###.#.#..###
#.......#.....
#.........##
#..####.######
......###...#
####.........
......# ##..#
#.....#.##.##
.....##
##..###.##..#...
........
...........# ###
############
#....##.##
....#......#
##.@# #.#
###........#
##.# #.#
###...###### #.#
#.# ..#...#
#.###.# #.#...#
#.....# ..#...#
####### ###...#
......# #######


There were no monsters in sight!

Vanquished Creatures
  A white imp (D:7)
1 creature vanquished.

Notes
Turn   | Place    | Note
-------+----------+-------------------------------------------
     0 | D:5      | RancidPinata the Octopode Delver began the quest for the
                  | Orb.
     0 | D:5      | Reached XP level 1. HP: 16/16 MP: 1/1
    64 | D:6      | Found a staircase to the Ecumenical Temple.
    76 | Temple   | Entered the Ecumenical Temple
    96 | Temple   | Became a worshipper of Ru the Awakened
   134 | D:6      | Noticed a sleepcap
   204 | D:6      | Noticed a sleepcap
   247 | D:7      | Noticed a hound
   259 | D:7      | Noticed a water moccasin
   264 | D:7      | Noticed a bullfrog
   283 | D:7      | Reached XP level 2. HP: 17/21 MP: 2/2
   285 | D:7      | Noticed a sky beast
   307 | D:6      | Quit the game

Illustrated notes

Levels and vault maps discovered:
D:5:      layout_rooms, nicolae_take_the_stairs, minmay_strange_pillars,
          uniq_sigmund, uniq_duvessa
D:6:      layout_basic, minmay_temple_entry_overgrown
D:7:      minmay_opposing_rooms, layout_basic, enter_bailey_3,
          hangedman_abyss_or_decor_lesser_grid, dreamdust_gnoll_farm
Temple:   lightli_temple_of_artemis

Action                     || total
---------------------------++-------
  Melee: Short sword       ||     2
         Constrict         ||     2
         Tentacles         ||     1
 Armour: Skin              ||     1
